 Dungeon Crawl Stone Soup version 0.31-a0-486-g8d68a81214 (webtiles) character file.

Game seed: 7357986179761474040

157 Mickster the Stinger (level 5, -1/43 HPs)
             Began as an Ogre Venom Mage on Aug 8, 2023.
             Frozen to death by an endoplasm (5 damage)
             ... on level 3 of the Dungeon.
             The game lasted 00:34:07 (2411 turns).

Mickster the Stinger (Ogre Venom Mage)              Turns: 2411, Time: 00:34:07

Health: -1/43      AC:  5    Str: 16    XL:     5   Next: 38%
Magic:  4/10       EV:  9    Int: 17    God:
Gold:   124        SH:  0    Dex:  8    Spells: 6/11 levels left

rFire   . . .        f - +1 short sword
rCold   . . .        (no shield)
rNeg    . . .        a - +0 robe
rPois   .            h - +2 hat
rElec   .            (no cloak)
rCorr   .            (gloves unavailable)
SInv    .            (boots unavailable)
Will    .....        d - amulet of regeneration
Stlth   +            (no ring)
HPRegen 1.07/turn    (no ring)
MPRegen 0.12/turn

%: no passive effects
@: very slightly contaminated
A: large, unfitting armour, tough skin 1, frail 1, strong 1
a: no special abilities


You were on level 3 of the Dungeon.
You visited 1 branch of the dungeon, and saw 3 of its levels.

You collected 124 gold pieces.

Inventory:

Hand Weapons
 b - a +0 dagger
 f - a +1 short sword (weapon)
 k - a +0 sling
 l - a +0 orcbow
Missiles
 c - 14 stones
 e - 9 poisoned darts (quivered)
Armour
 a - a +0 robe (worn)
 h - a +2 hat (worn)
Jewellery
 d - an amulet of regeneration (around neck)
Scrolls
 g - a scroll of teleportation
Potions
 i - a potion of haste
 j - 2 potions of magic


   Skills:
 + Level 1.0 Fighting
 * Level 1.2 Short Blades
 + Level 0.2 Throwing
 + Level 1.9 Dodging
 + Level 1.5 Stealth
 * Level 3.6 Spellcasting
 * Level 1.8 Transmutations
 + Level 0.1 Air Magic
 * Level 3.8 Poison Magic


You had 6 spell levels left.
You knew the following spells:

 Your Spells              Type           Power      Damage    Failure   Level
a - Sting                 Tmut/Pois      48%        1d5       4%          1
b - Poisonous Vapours     Pois/Air       18%        N/A       11%         2
c - Wereblood             Tmut           9%         N/A       12%         2

Your spell library contained the following spells:

 Spells                   Type           Power      Damage    Failure   Level
 Sublimation of Blood     Necr           3%         N/A       26%         2
 Mephitic Cloud           Conj/Pois/Air  7%         N/A       28%         3
 Olgreb's Toxic Radiance  Pois           16%        N/A       32%         4
 Hailstorm                Conj/Ice       3%         3d3       45%         3
 Summon Ice Beast         Ice/Summ       3%         N/A       86%         4
 Simulacrum               Ice/Necr       1%         N/A       100%        6
 Summon Hydra             Summ           1%         N/A       100%        7


Dungeon Overview and Level Annotations

Branches:
Dungeon (3/15)

Altars:
Zin


Innate Abilities, Weirdness & Mutations

You are too large for most types of armour.
You have tough skin. (AC +1)
You are frail. (-10% HP)
Your muscles are strong. (Str +4, Int/Dex -1)


Message History

Press: ? - help, Shift-Dir - straight line, f/p - black bear
Aim: a black bear (almost dead, berserk, extremely poisoned, 79% to hit)
You miscast Sting.
You are very lightly contaminated with residual magic.
Nothing appears to happen.
The black bear bites you. The black bear claws you. x2
The endoplasm freezes you.
You are frozen.
* * * LOW HITPOINT WARNING * * *
The black bear closely misses you.
The black bear claws you but does no damage.
The black bear barely misses you.
You barely miss the black bear.
The black bear is almost dead.
The endoplasm hits you.
* * * LOW HITPOINT WARNING * * *
The black bear barely misses you. The black bear claws you.
* * * LOW HITPOINT WARNING * * *
The black bear claws you but does no damage.
You hit the black bear but do no damage.
The black bear is almost dead.
You kill the black bear!
The endoplasm freezes you.
You are frozen.
* * * LOW HITPOINT WARNING * * *
Your Fighting skill increases to level 1!
Your Short Blades skill increases to level 1!
You have reached level 5!
The endoplasm freezes you.
You are frozen.
* * * LOW HITPOINT WARNING * * *
You see here a black bear corpse.
You hit the endoplasm.
The endoplasm is lightly wounded.
The endoplasm hits you but does no damage.
You hit the endoplasm.
The endoplasm is heavily wounded.
The endoplasm jiggles.
The endoplasm freezes you.
You are frozen.
You die...

.. #. #.##. ..##
#..#.##. ... ..#.##.
#+ #.#####.##.##. +.
#...##.. #.##. #.#
##.#.##.# #.##.
#.###....##.###..#.
#............###.#.
##@.#.#..........##
#.....J.#.##.#...###.#
#.....###........##
#.# #....# ##.##.##.#
#.# .[..# ##.#>##.#
#.# #..# #.......# #.#
#.. #.....#### #.# ..
#.###### #.# #. #..


You could see an endoplasm.

Vanquished Creatures
  A black bear (D:3)
  An adder (D:2)
  3 dart slugs
  6 ball pythons
  5 bats
  4 endoplasms
  3 giant cockroaches
  5 goblins
  7 hobgoblins
  3 jackals (D:2)
  4 quokkas
  A frilled lizard (D:1)
  A kobold (D:1)
  2 rats
46 creatures vanquished.

Notes
Turn   | Place    | Note
-------+----------+-------------------------------------------
     0 | D:1      | Mickster the Ogre Venom Mage began the quest for the Orb.
     0 | D:1      | Reached XP level 1. HP: 16/16 MP: 3/3
   127 | D:1      | Reached XP level 2. HP: 16/24 MP: 0/5
   404 | D:1      | Reached skill level 1 in Transmutations
   968 | D:1      | Reached XP level 3. HP: 30/31 MP: 5/7
  1417 | D:2      | Learned a level 2 spell: Poisonous Vapours
  1420 | D:2      | Learned a level 2 spell: Wereblood
  1763 | D:2      | Reached XP level 4. HP: 39/39 MP: 0/8
  1940 | D:2      | Gained mutation: You are frail. (-10% HP) [potion of
                  | mutation]
  1940 | D:2      | Gained mutation: Your muscles are strong. (Str +4, Int/Dex
                  | -1) [potion of mutation]
  1985 | D:2      | Found a glowing silver altar of Zin.
  2393 | D:3      | Noticed a black bear
  2408 | D:3      | Killed a black bear
  2409 | D:3      | Reached skill level 1 in Fighting
  2409 | D:3      | Reached skill level 1 in Short Blades
  2409 | D:3      | Reached XP level 5. HP: 5/43 MP: 4/10
  2409 | D:3      | HP: 2/43 [frozen (4)]
  2411 | D:3      | Frozen to death by an endoplasm

Illustrated notes

Levels and vault maps discovered:
D:1:      nzn_arrival_water_spiral, layout_rooms, minivault_27,
          patterned_corridor
D:2:      layout_basic, basic_altar
D:3:      layout_loops_ring, nemelex_dance_club_becter, basic_ecumenical_altar,
          serial_shops, nicolae_shop_back_alley_shop, grunt_ministairs_4,
          hangedman_decor_points

Skill      XL: |  1  2  3  4 |
---------------+-------------+-----
Poison Magic   | 3 |  3.8
Transmutations | 1 |  1.8
Spellcasting   | 3 |  3.6
Fighting       | 1 |  1.0
Short Blades   | 1 |  1.2
Throwing       | |  0.2
Dodging        | |  1.9
Stealth        | |  1.5
Air Magic      | |  0.1

Action                     |  1- 3 |  4- 6 || total
---------------------------+-------+-------++-------
  Melee: Unarmed           |     5 |       ||     5
         Dagger            |    23 |       ||    23
         Short sword       |    53 |    17 ||    70
  Throw: Dart              |    10 |     5 ||    15
   Cast: Sting             |    56 |    11 ||    67
         Wereblood         |     4 |       ||     4
         Poisonous Vapours |     2 |     2 ||     4
    Use: Potion            |     2 |     2 ||     4
         Scroll            |     6 |     1 ||     7
   Stab: Distracted        |       |     1 ||     1
 Armour: Robe              |    42 |    13 ||    55
  Dodge: Dodged            |    54 |    12 ||    66

Table legend: (Time is in decaauts)
 A = Elapsed time spent in this place.
 B = Non-inter-level travel time spent in this place.
 C = Inter-level travel time spent in this place.
 D = Time resting spent in this place.
 E = Time spent auto-exploring this place.
 F = Levels seen in this place.
 G = Mean time per level.
                   A        B        C        D        E       F      G
               +--------+--------+--------+--------+--------+-----+--------+
         Total |   2408 |   2189 |    219 |    755 |      0 |   3 |  802.7 |
       Dungeon |   2408 |   2189 |    219 |    755 |      0 |   3 |  802.7 |
               +--------+--------+--------+--------+--------+-----+--------+

Top non-repeatable levels by time:
     D:1: 1077 daAuts
     D:2: 1071 daAuts
     D:3: 260 daAuts
